[Event "Live Chess"]

[Site "Chess.com"]

[Date "2015.07.29"]

[White "tobbens"]

[Black "aliocha79"]

[ECO "A40"]

[ChesscomGameID "1231031927"]

[Annotator "Chess.com Computer Analysis"]

[Result "1-0"]

[BlackElo "1587"]

[TimeControl "5|5"]

[WhiteElo "1580"]

[Termination "tobbens won by resignation"]


{Inaccuracies(?!): 1 = 5.0% of moves | Mistakes(?): 6 = 30.0% of moves | Blunders(??): 2 = 10.0% of moves}

1. d4 {(Book Move)}  e5 {(Book Move)} 
2. dxe5 {(Book Move)}  Nc6 {(Book Move)} 
3. Nf3 {(Book Move)}  Qe7 {(Book Move)} 
4. Bf4 {(0.87)}  Qb4+ {(1.62)} 
5. Bd2 $6 {(0.98) INACCURACY - Perhaps better was 5. Nc3} 
({BEST MOVE (1.63)} 5. Nc3 Nf6 6. Qd2 Ne4 7. Nxe4 Qxe4 8. e3 Qg6   $18)
({INACCURACY (0.98)} 5. Bd2 Qc5 6. Be3 Qa5+ 7. Qd2 Qxd2+ 8. Nbxd2 d6   $16)
5... Qxb2 {(1.72)} 
6. Nc3 {(1.61)}  Nb4 {(1.71)} 
7. Nd4 {(1.77)}  c5 $4 {(4.01) BLUNDER - Lucky you! Your opponent blundered! The best move was 7... c6} 
({BEST MOVE (1.59)} 7... c6 8. e3 Qa3 9. Bc4 Na6 10. Qf3 Nh6 11. O-O   $18)
({BLUNDER (4.01)} 7... c5 8. Rb1 Qa3 9. Ndb5 Qa5 10. Nd5 Kd8 11. e4   $18)
8. Rb1 {(4.08)}  Qa3 {(4.49)} 
9. Ndb5 {(4.61)}  Qa5 {(4.28)} 
10. a3 {(4.5)}  Na6 {(4.44)} 
11. e4 {(5.18)}  Be7 {(5.99)} 
12. Nd5 $2 {(6.51) MISTAKE - That was a mistake. Much better was 12. Bc4} 
({BEST MOVE (6.8)} 12. Bc4 Qd8 13. Qh5 g6 14. Qf3 d5 15. exd5 f5   $18)
({MISTAKE (6.51)} 12. Nd5 Qa4 13. Qf3 Qxc2 14. Rc1 Qb2 15. Nxe7 Kxe7   $18)
12... Qd8 {(6.98)} 
13. Nxe7 $4 {(4.52) BLUNDER - Oh no - a blunder! You should have played 13. Bc4} 
({BEST MOVE (6.83)} 13. Bc4 Kf8 14. Qf3 h5 15. Nf4 Nf6 16. exf6 gxf6   $18)
({BLUNDER (4.52)} 13. Nxe7 Qxe7 14. Nd6+ Kf8 15. Bc4 Qxe5 16. Qf3 Nf6   $18)
13... Nxe7 $4 {(11.77) BLUNDER - Lucky you! Your opponent blundered! The best move was 13... Qxe7} 
({BEST MOVE (4.63)} 13... Qxe7 14. Nd6+ Kf8 15. Bc4 Qxe5 16. Qf3 Qf6 17. Nxf7   $18)
({BLUNDER (11.77)} 13... Nxe7 14. Nd6+ Kf8 15. Qf3 Nf5 16. Qxf5 f6 17. Bc3   $18)
14. Nd6+ {(12.08)}  Kf8 
15. Bxa6 $2 {(7.1) MISTAKE - That was a mistake. Much better was 15. Qf3} 
({BEST MOVE (12.33)} 15. Qf3 Nf5 16. Qxf5 f6 17. Bc3 g6 18. Qf4 g5   $18)
({MISTAKE (7.1)} 15. Bxa6 Nc6 16. Be2 Nxe5 17. f4 Nc6 18. O-O Qe7   $18)
15... bxa6 $2 {(8.94) MISTAKE - Your opponent made a mistake! Better was 15... Nc6} 
({BEST MOVE (7.2)} 15... Nc6 16. Be2 Nxe5 17. f4 Nc6 18. O-O Qe7 19. e5   $18)
({MISTAKE (8.94)} 15... bxa6 16. Qf3 Qe8 17. Nxe8 Kxe8 18. Qc3 h5 19. Qxc5   $18)
16. O-O $4 {(3.59) BLUNDER - Oh no - a blunder! You should have played 16. Qf3} 
({BEST MOVE (9.03)} 16. Qf3 Qe8 17. Nxe8 Kxe8 18. Qc3 a5 19. Qxa5 c4   $18)
({BLUNDER (3.59)} 16. O-O Nc6 17. Be3 Qe7 18. Qd5 Kg8 19. f4 Qe6   $18)
16... Ng6 $4 {(7.74) BLUNDER - Lucky you! Your opponent blundered! The best move was 16... Nc6} 
({BEST MOVE (3.94)} 16... Nc6 17. Be3 Qe7 18. Qd5 Kg8 19. f4 Qe6 20. Qxc5   $18)
({BLUNDER (7.74)} 16... Ng6 17. Be3 Qe7 18. Qd5 Bb7 19. Qxb7 Rd8 20. f4   $18)
17. f4 $2 {(6.9) MISTAKE - That was a mistake. Much better was 17. Be3} 
({BEST MOVE (7.92)} 17. Be3 Qe7 18. Qd5 Bb7 19. Rxb7 Qe6 20. Qxc5 Kg8   $18)
({MISTAKE (6.9)} 17. f4 h5 18. Be3 Ne7 19. f5 f6 20. exf6 gxf6   $18)
17... Qc7 $2 {(9.39) MISTAKE - Your opponent made a mistake! Better was 17... h5} 
({BEST MOVE (7.84)} 17... h5 18. Be3 Ne7 19. f5 Nc6 20. Qd5 Qe7 21. Nxc8   $18)
({MISTAKE (9.39)} 17... Qc7 18. Bc3 Ne7 19. Qh5 Qxd6 20. exd6 Nc6 21. Qxc5   $18)
18. Bc3 {(9.62)}  Rb8 $4 {(13.85) BLUNDER - Lucky you! Your opponent blundered! The best move was 18... Ne7} 
({BEST MOVE (9.33)} 18... Ne7 19. Qh5 Qxd6 20. exd6 Nc6 21. Qxc5 a5 22. Qc4   $18)
({BLUNDER (13.85)} 18... Rb8 19. Qd5 Ke7 20. Rxb8 Qxb8 21. Qxf7+ Kd8 22. Ba5+   $18)
19. Rxb8 $2 {(12.89) MISTAKE - That was a mistake. Much better was 19. Qd5} 
({BEST MOVE (14.02)} 19. Qd5 Ke7 20. Qxf7+ Kd8 21. Rxb8 Qxb8 22. Ba5+ Qc7   $18)
({MISTAKE (12.89)} 19. Rxb8 Qxb8 20. Qd5 Qxd6 21. Qxd6+ Ke8 22. Qc7 Ne7   $18)
19... Qxb8 {(13.1)} 
20. f5 $2 {(11.72) MISTAKE - That was a mistake. Much better was 20. Qd5} 
({BEST MOVE (13.18)} 20. Qd5 Qxd6 21. Qxd6+ Ne7 22. Qc7 Ke8 23. Ba5 f5   $18)
({MISTAKE (11.72)} 20. f5 Ne7 21. f6 gxf6 22. Rxf6 Kg8 23. Rxf7 Qxd6   $18)
20... Ne7 {(12.65)} 
21. Qh5 $2 {(11.95) MISTAKE - That was a mistake. Much better was 21. f6} 
({BEST MOVE (12.85)} 21. f6 gxf6 22. Rxf6 Kg8 23. Rxf7 Qxd6 24. exd6 Kxf7   $18)
({MISTAKE (11.95)} 21. Qh5 Qxd6 22. exd6 Nc6 23. e5 Rg8 24. f6 gxf6   $18)
21... g6 $2 {(+Mat04) MISTAKE - Your opponent made a mistake! Better was 21... Qxd6} 
({BEST MOVE (12.12)} 21... Qxd6 22. exd6 Nc6 23. e5 h6 24. e6 dxe6 25. fxe6   $18)
({MISTAKE (+Mat04)} 21... g6 22. Qh6+ Kg8 23. f6 Nf5 24. exf5 gxf5 25. Qg7#   $18)
22. Qh6+ {(+Mat04)}  Kg8 
23. f6 {(+Mat03) WHITE WINS - Play might have continued...} 
({CONTINUATION (+Mat03)} 23. f6 Nf5 24. exf5 gxf5 25. Qg7#   $18)
1-0

[Event "Klubbmesterskap 2010"]
[Site "Ås, Akershus NOR"]
[Date "2010.01.29"]
[Round "2"]
[White "Bakken, Svein Erik"]
[Black "Hovland, Arne"]
[Result "0-1"]
[ECO "A74"]
[WhiteElo "1337"]
[BlackElo "1569"]
[Annotator "Hovland,Arne"]
[PlyCount "182"]
[TimeControl "240+2"]

{353MB, Fritz8.ctg, PC25LA-1547
} 1. d4 Nf6 2. c4 c5 3. d5 e6 4. Nc3 exd5 5.
cxd5 d6 6. e4 a6 7. a4 g6 8. Be2 Bg7 9. Nf3 O-O 10. O-O Re8 11. Qc2 Nbd7 12.
Nd2 Kh8 {Dette er faktisk det forste trekket Fritz ikke hadde i
apningsbiblioteket sitt. Trekket er spillbart, men passivt.} 13. f4 {
Logisk og bra.} Ng8 {Svart fortsetter med litt passive trekk.} 14. Nf3 Qe7 (
14... Bd4+ {er det mere punch i.}) 15. Bd3 f6 $2 {
Rybka gir etter dette klar fordel til hvit..} (15... Bd4+) 16. b3 (16. Bd2)
16... Nf8 17. Bb2 Bg4 18. h3 Bd7 19. Rad1 Rab8 20. a5 {greit nok.} ({Men} 20.
e5 $1 {ser farligere ut.}) 20... b5 {Dette "bruddet" er elendig timet.} 21.
axb6 Rxb6 22. Na4 Bxa4 23. bxa4 a5 $4 {Na blir bonden mat for gribbene..} 24.
Bb5 $3 {Knuser svarts illusjoner om spill i b-linja.} Reb8 25. Nd2 $1 {
Med sto kurs mot den hjelpelose a-bonden.} R6b7 26. Nc4 Qc7 27. Bc3 Ra7 28. Qd2
f5 {Jaja. Svart prover a rore det til.. Fullstendig ukorrekt, men alternativet
var a bli filt ned pa dronningfloyen..} 29. Bxg7+ Qxg7 30. Nxd6 fxe4 31. Nxe4
Nd7 32. Rc1 Ne7 33. Nxc5 Nxc5 34. Rxc5 Nf5 35. Rfc1 (35. d6 {sa skummelt ut,
og Rybka er enig. Det hadde kostet mye materiell a fatt stoppet denne..}) 35...
Rd8 36. Rc8 Ra8 37. Rxd8+ (37. Rxa8 $3) 37... Rxd8 38. Qxa5 $2 {
Hvit plukker en bonde til, men  na far endelig svart noe a spille pa..} Qd4+
39. Kh1 Rxd5 40. Qc3 Ne3 41. Qxd4+ Rxd4 42. g4 Rxf4 43. Bc6 {
Hvit finner ikke vinstplanen.} ({Svart er sjanselos etter} 43. a5 $3 {
For hvordan i huleste skal denne bonden stoppes?}) 43... Rf2 44. Re1 (44. a5 {
er fortsatt det beste..}) 44... Nc2 45. Rc1 Kg7 46. Kg1 (46. a5) 46... Rd2 47.
g5 {Dette kunne vart bra, men denne bonden trenger back-up..} (47. a5) 47...
Nd4 {Hvit star fortsatt best, men svarts springer er litt vanskelig a forholde
seg til, ikke minst psykologisk.. Na trues det jo med en gaffel pa e2.} 48. Bb5
$2 {og dermed ryker bonden pa g5.} (48. Rc4) 48... Nf3+ 49. Kf1 Nxg5 50. Rc7+
Kh6 51. Rc3 Ra2 {Na er det likt, men svarts springer er verre a forholde seg
til, sa jeg begynte sa smatt a a hape pa seier..} 52. Bc6 Ne6 53. Rc4 Kg5 54.
Rc1 Ra3 55. Bd7 Nf4 56. Rc5+ Kh4 57. Rc4 Kg3 58. Ke1 {
Na star svart best. Hvit ma se opp for matt, og loperen ma tra varsomt..} Re3+
59. Kf1 Rd3 60. Bg4 {Det eneste..} Ra3 (60... h5 $3 {
hadde vart bedre.. Da ryker nemlig hvits h-bonde mer eller mindre uten komp..}
61. Be2 Ra3 {og mattbildene gjor altsa  at svart vinner h-bonden..}) 61. Ke1 h5
62. Bc8 h4 $6 {Neppe den beste planen..} 63. Kd2 g5 $4 {slovt..} 64. Kc2 (64.
Rc3+ $1 {ser veldig ut som remis..} Rxc3 65. Kxc3 Nxh3 66. a5 Nf4 67. Kc4 g4
68. a6 h3 69. a7 Nd5 70. Bb7 Nc7 71. Kc5 Kf2 72. Kc6 g3 73. Kxc7 g2 74. Bxg2
hxg2 75. a8=Q g1=Q {remis..}) 64... Nxh3 65. a5 $5 Ra2+ 66. Kb3 Rxa5 {
Svart gir springeren for to sammenhengende fribonder. Jeg syntes det sa
lovende ut der og da, men det spors om ikke hvit burde greid remis.   (Rybka
ville forovrig slatt bonden i forrige trekk..)} 67. Rc3+ Kg2 68. Bxh3+ Kf2 69.
Rc2+ Ke3 70. Rc3+ Kd4 71. Rc4+ Ke5 72. Rg4 Kf6 73. Rb4 Ra6 {
Vrient a si hva som er beste plan her.. Jeg syns dette var brukbart.} 74. Bg4
Rd6 75. Kc4 Ke5 76. Rb5+ Kf4 77. Kc5 Rd2 78. Rb4+ Kg3 $2 {
Dette er bra sa lenge hvit ikke finner det beste trekket..} 79. Bh5 $2 {
Nemlig..} (79. Be6 {og hva skjer med g-bonden nar hvit spiller Tg4?}) 79... Rg2
80. Rb3+ Kh2 81. Rb4 $2 h3 82. Bg4 Kg3 83. Be6 h2 84. Rb3+ Kf4 ({
Her kunne svart avsluttet det hele med} 84... Kh4 $4 85. Rh3#) 85. Rb4+ Ke5 86.
Re4+ Kxe4 87. Bd5+ Ke3 88. Bxg2 g4 89. Kd5 Kf2 90. Bh1 g3 91. Ke4 g2 0-1

[Event "Stikkamp Klubbmesterskap"]
[Site "Ås"]
[Date "1994.05.31"]
[Round "1"]
[White "Weberg, Øyvind"]
[Black "Lea, Per"]
[Result "1-0"]
[ECO "A38"]
[WhiteElo "1639"]
[BlackElo "1552"]
[PlyCount "71"]
[EventDate "1994.02.08"]
[TimeControl "30"]

1. c4 c5 2. Nc3 Nc6 3. g3 g6 4. Bg2 Bg7 5. Nf3 Nf6 6. O-O O-O 7. d3 d6 8. Bd2
Bd7 9. a3 a6 10. Rb1 Rb8 11. b4 cxb4 12. axb4 b5 13. cxb5 axb5 14. Qc2 d5 15.
Ng5 h6 16. Nf3 e6 17. Bf4 Rb6 18. Bd6 Re8 19. Bc5 Rb8 20. Rfd1 Qc7 21. e4 Red8
22. d4 dxe4 23. Nxe4 Nxe4 24. Qxe4 Bc8 25. Ra1 Bb7 26. Qe3 Ra8 27. Qd3 Ba6 28.
Ra2 Qc8 29. Rda1 Kh7 30. Nd2 Bxd4 31. Bxd4 Rxd4 32. Qf3 Ra7 33. Qxc6 Rc7 34.
Qxa6 Rc1+ 35. Nf1 Rdd1 36. Qxc8 1-0

[Event "Stikkamp Klubbmesterskap"]
[Site "Ås"]
[Date "1994.05.31"]
[Round "2"]
[White "Lea, Per"]
[Black "Weberg, Øyvind"]
[Result "1-0"]
[ECO "C41"]
[WhiteElo "1552"]
[BlackElo "1639"]
[PlyCount "64"]
[EventDate "1994.05.31"]
[TimeControl "30"]

1. e4 e5 2. Nf3 d6 3. d4 exd4 4. Qxd4 Qf6 5. Nc3 Qxd4 6. Nxd4 c6 7. Be3 Nf6 8.
f3 Be7 9. O-O-O O-O 10. g4 h6 11. Nf5 Bxf5 12. gxf5 Nbd7 13. Rg1 Kh7 14. f4 Nc5
15. Bxc5 dxc5 16. e5 Nh5 17. Rd7 Rae8 18. Rg4 Nxf4 19. f6 gxf6 20. Rxf4 fxe5
21. Bd3+ Kg7 22. Rg4+ Bg5+ 23. Kd1 Kf6 24. Ne4+ Ke6 25. Nxc5+ Kf6 26. Rxb7 Re7
27. Ne4+ Ke6 28. Nxg5+ hxg5 29. Rxe7+ Kxe7 30. Rxg5 Ke6 31. Ke2 Rh8 32. Rg2 f5
1-0

[Event "Stikkamp Klubbmesterskap"]
[Site "Ås"]
[Date "1994.05.31"]
[Round "3"]
[White "Lea, Per"]
[Black "Weberg, Øyvind"]
[Result "1-0"]
[ECO "C50"]
[WhiteElo "1552"]
[BlackElo "1639"]
[PlyCount "39"]
[EventDate "1994.05.31"]
[TimeControl "30"]

1. e4 e5 2. Nf3 Nc6 3. Bc4 Be7 4. d4 exd4 5. Nxd4 Ne5 6. Bb3 Nf6 7. f4 Nxe4 8.
fxe5 Bh4+ 9. g3 Nxg3 10. hxg3 Bxg3+ 11. Kd2 Bxe5 12. Qh5 Qf6 13. Bxf7+ Kf8 14.
Bc4 Bf4+ 15. Kc3 g6 16. Qf3 g5 17. Bxf4 gxf4 18. Rf1 c5 19. Qxf4 cxd4+ 20. Qxd4
1-0

[Event "Stikkamp Klubbmesterskap"]
[Site "Ås"]
[Date "1994.05.31"]
[Round "4"]
[White "Weberg, Øyvind"]
[Black "Lea, Per"]
[Result "0-1"]
[ECO "A38"]
[WhiteElo "1639"]
[BlackElo "1552"]
[PlyCount "74"]
[EventDate "1994.05.31"]
[TimeControl "30"]

1. c4 c5 2. Nc3 Nc6 3. g3 g6 4. Bg2 Bg7 5. Nf3 Nf6 6. O-O O-O 7. d3 d6 8. Bd2
a6 9. a3 Rb8 10. Rb1 b5 11. cxb5 axb5 12. Ne1 Nd4 13. e3 Ne6 14. b4 Bd7 15. Nc2
Nc7 16. Na1 e6 17. Nb3 cxb4 18. axb4 Na6 19. Nd4 d5 20. Nf3 Ne8 21. d4 Nd6 22.
Ne5 Nc4 23. Nd3 Qe7 24. Nc5 Nxc5 25. dxc5 Bc6 26. Ne2 Ra8 27. Nd4 Bxd4 28. exd4
Ra2 29. Bh6 Rfa8 30. Qg4 Nd2 31. Bxd2 Rxd2 32. h4 Qf6 33. h5 Rxd4 34. Qe2 Ra4
35. h6 Rdxb4 36. Rxb4 Rxb4 37. Ra1 Qxa1+ 0-1